 Dungeon Crawl Stone Soup version 0.19-a0-1899-g2d93087 (webtiles) character file.

2100 shinino the Basher (level 9, -1/55 HPs)
             Began as a Gargoyle Fighter on Oct 19, 2016.
             Was a Follower of Okawaru.
             Slain by an iguana (8 damage)
             ... on level 6 of the Dungeon.
             The game lasted 00:17:38 (5270 turns).

shinino the Basher (Gargoyle Fighter)               Turns: 5270, Time: 00:17:39

Health: -1/55      AC: 18    Str: 21    XL:     9   Next: 28%
Magic:  9/9        EV:  5    Int:  8    God:    Okawaru [*.....]
Gold:   270        SH:  9    Dex: 12    Spells: 0 memorised, 8 levels left

rFire  . . .     SeeInvis .     b - +1 flail (holy)
rCold  . . .     Gourm    .     i - +0 chain mail
rNeg   + . .     Faith    .     c - +0 shield
rPois  ∞         Spirit   .     w - +1 helmet
rElec  +         Reflect  .     (no cloak)
rCorr  .         Harm     .     (no gloves)
MR     .....                    (no boots)
Stlth  ..........               (no amulet)
                                (no ring)
                                (no ring)

@: exhausted, flying, slowed, very slow
A: negative energy resistance 1, electricity resistance, unbreathing,
petrification resistance, rot immunity, AC +5
a: Heroism, Renounce Religion


You were on level 6 of the Dungeon.
You worshipped Okawaru.
Okawaru was aware of your devotion.
You were not hungry.

You visited 2 branches of the dungeon, and saw 7 of its levels.

You collected 270 gold pieces.

Inventory:

Hand Weapons
 b - a +1 flail of holy wrath (weapon)
Armour
 c - a +0 shield (worn)
 i - a +0 chain mail (worn)
 w - a +1 helmet (worn)
Wands
 d - a wand of hasting (1/9)
Scrolls
 e - 2 scrolls of identify
 g - 2 scrolls of enchant weapon
 h - a scroll of fog {unknown}
 k - 2 scrolls of noise {unknown}
 n - 3 scrolls of teleportation
 o - a scroll of amnesia {unknown}
 p - 3 scrolls of remove curse
 q - a scroll of recharging {unknown}
 t - 5 scrolls of fear
 u - a scroll of blinking {unknown}
 y - 2 scrolls of random uselessness {unknown}
Potions
 a - a potion of cure mutation {unknown}
 s - a potion of brilliance {unknown}
Comestibles
 f - 6 bread rations


   Skills:
 - Level 6.2 Fighting
 * Level 9.8 Maces & Flails
 - Level 6.5 Armour
 - Level 3.2 Shields


You had 8 spell levels left.
You didn't know any spells.

Dungeon Overview and Level Annotations

Branches:
Dungeon (6/15)             Temple (1/1) D:5

Altars:
Ashenzari
Cheibriados
Elyvilon
Fedhas
Gozag
Hepliaklqana
Makhleb
Nemelex Xobeh
Okawaru
Ru
Sif Muna
Trog
Uskayaw
Vehumet
Xom
Yredelemnul
Zin

Annotations:
D:6 Prince Ribbit


Innate Abilities, Weirdness & Mutations

You are resistant to torment.
Your stone body is resilient. (AC +5)
You are immune to poison.
You resist negative energy. (rN+)
You are resistant to electric shocks. (rElec)
You can survive without breathing.
You are immune to petrification.
You are immune to rotting.


Message History

As you read the scroll labeled YTEHAF IHUEZU, it crumbles to dust.
You feel strangely unstable.
It was a scroll of teleportation.
The bullfrog closely misses you. The kobold hits you but does no damage.
You block the bullfrog's attack.
The orc priest casts a cantrip, but nothing happens.
Your surroundings suddenly seem different.
An iguana comes into view.
The iguana hisses angrily.
Prince Ribbit blinks!
Prince Ribbit comes into view.
An iguana comes into view.
Found a stone staircase leading up.
You feel like a meek peon again. You block the iguana's attack.
The iguana bites you but does no damage.
You block the iguana's attack. x2
Prince Ribbit blinks!
The iguana hisses menacingly.
The iguana bites you!
You die...

#F #.## ##### ##... ...#
###...#####.################
.......<##Fll@...##.......#
#...##.##.#####.##.#####.#
#..##.......##.##.#####.#
#........##..........##.#
#.######.#####>##.##.##.#
#.# #... .. #.......# #.#
###### ####.#### #.. #.# #..
#.#


You could see Prince Ribbit and 2 iguanas.

Vanquished Creatures
  Grinder (D:3)
  A troll (D:6)
  Sigmund (D:4)
  A phantom (D:4)
  A necrophage (D:6)
  3 ogres (D:5)
  A centaur (D:5)
  The ghost of shinino the Covered, an amateur GrFi of Okawaru (D:3)
  A bullfrog (D:6)
  3 big kobolds (D:6)
  A scorpion (D:5)
  An electric eel (D:6)
  A crimson imp (D:6)
  An orc priest (D:3)
  3 orc wizards
  3 hounds
  A centaur skeleton (D:5)
  Natasha (D:3)
  2 worker ants
  A killer bee zombie (D:5)
  A hound skeleton (D:4)
  A worker ant zombie (D:5)
  6 adders
  7 gnolls
  A shadow imp (D:5)
  4 dart slugs
  3 leopard geckos
  13 orcs
  A ball python (D:3)
  3 bats
  2 giant cockroaches
  9 goblins
  6 hobgoblins
  8 jackals
  3 frilled lizards
  36 kobolds
  A leopard gecko zombie (D:5)
  6 rats
140 creatures vanquished.

Notes
Turn   | Place    | Note
-------+----------+-------------------------------------------
     0 | D:1      | shinino the Gargoyle Fighter began the quest for the Orb.
     0 | D:1      | Reached XP level 1. HP: 14/14 MP: 1/1
    94 | D:1      | Reached XP level 2. HP: 19/19 MP: 2/2
   464 | D:1      | Reached XP level 3. HP: 22/24 MP: 3/3
   727 | D:2      | Found a bloodstained altar of Trog.
   871 | D:2      | You fall through a shaft for 2 floors!
  1029 | D:3      | Reached XP level 4. HP: 27/29 MP: 4/4
  1414 | D:3      | Reached skill level 5 in Armour
  1414 | D:3      | Reached XP level 5. HP: 32/34 MP: 5/5
  1444 | D:3      | Noticed shinino's ghost (amateur GrFi)
  1460 | D:3      | Killed shinino's ghost
  1460 | D:3      | Reached skill level 5 in Fighting
  1617 | D:3      | Noticed Grinder
  1622 | D:3      | Paralysed by Grinder for 4 turns
  1633 | D:3      | Paralysed by Grinder for 6 turns
  1651 | D:3      | Killed Grinder
  1651 | D:3      | Reached XP level 6. HP: 33/41 MP: 6/6
  1663 | D:3      | Noticed Natasha
  1672 | D:3      | Killed Natasha
  1677 | D:3      | Reached XP level 7. HP: 31/46 MP: 7/7
  1998 | D:4      | Noticed Sigmund
  2033 | D:4      | Killed Sigmund
  2033 | D:4      | Reached skill level 3 in Maces & Flails
  2324 | D:4      | Reached skill level 4 in Maces & Flails
  2633 | D:5      | Entered Level 5 of the Dungeon
  2716 | D:5      | Found a staircase to the Ecumenical Temple.
  2746 | D:5      | Reached skill level 5 in Maces & Flails
  2774 | Temple   | Entered the Ecumenical Temple
  2828 | Temple   | Became a worshipper of Warmaster Okawaru
  2870 | D:5      | Reached XP level 8. HP: 17/51 MP: 8/8
  3347 | D:5      | Reached skill level 6 in Maces & Flails
  3691 | D:5      | Reached skill level 7 in Maces & Flails
  3709 | D:5      | Reached * piety under Okawaru
  4201 | D:5      | Found a deep blue altar of Sif Muna.
  4532 | D:6      | Noticed a troll
  4565 | D:6      | Killed a troll
  4565 | D:6      | Reached skill level 8 in Maces & Flails
  4820 | D:6      | Reached XP level 9. HP: 53/55 MP: 9/9
  4843 | D:6      | Reached skill level 9 in Maces & Flails
  5263 | D:6      | Noticed Prince Ribbit
  5270 | D:6      | Slain by an iguana

Vault maps used:
D:1:      zelgadis_glass_arrival_small
D:2:      first_bread, trog_butcher_becter
D:3:      st_stairs_6, grunt_ministairs_10, minmay_misc_feat_cross,
          uniq_natasha, uniq_grinder
D:4:      uniq_sigmund
D:5:      lemuel_blue_sif_altar
D:6:      minmay_goblin_kobold_castle, uniq_prince_ribbit1
Temple:   compressed_dpeg_circular_temple

Skill      XL: |  1  2  3  4  5  6  7  8  9 |
---------------+----------------------------+-----
Armour         | 4 5 6 |  6.5
Fighting       | 4 6 |  6.2
Maces & Flails | 5 8 9 |  9.8
Shields        | |  3.2

Action                   |  1- 3 |  4- 6 |  7- 9 || total
-------------------------+-------+-------+-------++-------
Melee: Flail             |   145 |   100 |   370 ||   615
Invok: Heroism           |       |       |     2 ||     2
  Use: Potion            |       |     5 |    10 ||    15
       Scroll            |       |     3 |     5 ||     8
  Eat: Fruit             |     1 |     3 |       ||     4
       Meat ration       |       |       |     2 ||     2
       Bread ration      |       |       |     1 ||     1
Armor: Scale mail        |    63 |    49 |     9 ||   121
       Chain mail        |       |       |   256 ||   256
       Skin              |       |       |    10 ||    10
Dodge: Dodged            |    55 |    43 |    94 ||   192
Block: Shield            |    84 |    52 |   225 ||   361
